 Dungeon Crawl Stone Soup version 0.29.1-15-g9cfb28693d (webtiles) character file.

Game seed: 12663728911120144248

9844 booth the Arsonist (level 11, -20/68 HPs)
             Began as a Demonspawn Fire Elementalist on Apr 1, 2023.
             Was a Follower of Sif Muna.
             Killed from afar by Frances (31 damage)
             ... with a shard of ice
             ... on level 12 of the Dungeon on Apr 3, 2023.
             The game lasted 01:55:01 (16509 turns).

booth the Arsonist (Demonspawn Fire Elementalist)  Turns: 16509, Time: 01:55:01

Health: -20/68     AC: 13    Str: 10    XL:     11   Next: 28%
Magic:  15/20      EV: 17    Int: 20    God:    Sif Muna [*.....]
Gold:   480        SH:  0    Dex: 13    Spells: 3/22 levels left

rFire   . . .      SeeInvis .   k - +0 quarterstaff (spect)
rCold   + . .      Faith    .   (shield currently unavailable)
rNeg    . . .      Spirit   .   N - +2 steam dragon scales
rPois   .          Reflect  .   f - +1 helmet
rElec   .          Harm     .   y - +1 cloak
rCorr   .          Rampage  .   (no gloves)
Will    .....                   z - +0 pair of boots
Stlth   +++.......              H - amulet of regeneration
HPRegen 1.01/turn               m - +4 ring of evasion
MPRegen 0.17/turn               l - ring of protection from cold

@: no status effects
A: powered by death 1, sturdy frame 2, demonic magic 1, demonic touch 2
a: Renounce Religion, Channel Magic


You were on level 12 of the Dungeon.
You worshipped Sif Muna.
Sif Muna was aware of your devotion.
You visited 1 branch of the dungeon, and saw 13 of its levels.

You collected 480 gold pieces.

Inventory:

Hand Weapons
 e - a +2 war axe of electrocution
 k - a +0 spectral quarterstaff (weapon)
 q - a +2 vorpal war axe
 s - a +0 quarterstaff
 t - a +1 dagger of draining
 J - a +0 vorpal flail
Missiles
 d - 10 boomerangs
 C - a boomerang of dispersal
 D - 35 poisoned darts (quivered)
 F - 2 curare-tipped darts
 G - 2 throwing nets
Armour
 a - a +1 robe
 f - a +1 helmet (worn)
 n - a +0 leather armour
 y - a +1 cloak (worn)
 z - a +0 pair of boots (worn)
 N - +2 steam dragon scales (worn)
Jewellery
 l - a ring of protection from cold (right hand)
 m - a +4 ring of evasion (left hand)
 u - a ring of magical power
 B - a ring of willpower
 E - an amulet of the acrobat
 H - an amulet of regeneration (around neck)
 O - a +6 ring of intelligence
Wands
 b - a wand of polymorph (9)
 K - a wand of paralysis (6)
Scrolls
 i - 3 scrolls of torment
 o - 2 scrolls of silence
 p - 2 scrolls of poison
 x - a scroll of brand weapon
 I - 5 scrolls of teleportation
 P - 2 scrolls of identify
 Q - 3 scrolls of amnesia
Potions
 c - 2 potions of might
 g - 3 potions of attraction
 h - 3 potions of haste
 r - a potion of berserk rage
 v - a potion of curing
 w - a potion of magic
 A - a potion of resistance
 L - 3 potions of mutation
 M - a potion of cancellation


   Skills:
 - Level 1.6(3.6) Maces & Flails
 + Level 5.0(5.2) Staves
 - Level 3.7 Armour
 + Level 4.4 Dodging
 + Level 6.7 Stealth
 + Level 6.0 Spellcasting
 + Level 8.0 Conjurations
 + Level 3.8 Hexes
 * Level 8.8 Fire Magic


You had 3 spell levels left.
You knew the following spells:

 Your Spells              Type           Power      Damage    Failure   Level
a - Foxfire               Conj/Fire      100%       2x1d9     1%          1
b - Scorch                Fire           82%        2d9       1%          2
c - Conjure Flame         Conj/Fire      39%        6-21      1%          3
d - Inner Flame           Hex/Fire       31%        N/A       2%          3
e - Magic Dart            Conj           100%       1d8       1%          1
f - Searing Ray           Conj           76%        2d7       1%          2
g - Flame Wave            Conj/Fire      39%        2d11      3%          4
h - Stone Arrow           Conj/Erth      44%        3d9       6%          3

Your spell library contained the following spells:

 Spells                   Type           Power      Damage    Failure   Level
 Dazzling Flash           Conj/Hex       58%        N/A       2%          3
 Poisonous Vapours        Pois/Air       12%        N/A       16%         2
 Ozocubu's Armour         Ice            6%         N/A       30%         3
 Fulminant Prism          Conj/Hex       14%        3d9       10%         4
 Iskenderun's Mystic Bla  Conj/Tloc      22%        2d6       21%         4
 Starburst                Conj/Fire      19%        6d7       45%         6
 Animate Armour           Summ/Erth      12%        N/A       71%         4
 Corpse Rot               Necr/Pois/Air  6%         N/A       71%         4
 Metabolic Englaciation   Hex/Ice        6%         N/A       80%         5
 Lee's Rapid Deconstruct  Erth           3%         3d6*      96%         5
 Simulacrum               Ice/Necr       3%         N/A       100%        6
 Summon Cactus Giant      Summ           3%         N/A       100%        6
 Lehudib's Crystal Spear  Conj/Erth      11%        10d4      100%        8


Dungeon Overview and Level Annotations

Branches:
Dungeon (13/15)            Temple (0/1) D:7            Lair (0/5) D:8
    Orc: D:9-12      Vaults: D:13-14

Altars:
Cheibriados
Dithmenos
Hepliaklqana
Nemelex Xobeh
Okawaru
Qazlal
Sif Muna
Uskayaw
Yredelemnul

Shops:
D:7 [   D:8 (

Portals:
Trove: D:11 (give 7 potions of haste)

Annotations:
D:11 Treasure
D:12 Frances


Innate Abilities, Weirdness & Mutations

You regenerate a little health from kills.
Your movements are less encumbered by armour. (ER -4)
Spells you cast may paralyse adjacent enemies.
Your touch may inflict irresistible damage on your foes.


Message History

Frances shouts!
Frances sneers.
Frances whispers indecipherable words.
Frances seems to speed up.
Frances says, "I am undefeated in single-handed combat."
Frances chants phrases taken from a devil's mouth.
Casting: Scorch (safe; 1% risk of failure)
Confirm with . or Enter, or press ? or * to list all spells.
You can't see any susceptible monsters within range! (Use Z to cast anyway.)
There is a stone staircase leading down here.
Casting: Scorch (safe; 1% risk of failure)
Confirm with . or Enter, or press ? or * to list all spells.
Flames lash Frances.
Frances is lightly wounded.
Frances's fire resistance burns away.
Malevolent energies surge around you.
Casting: Scorch (safe; 1% risk of failure)
Confirm with . or Enter, or press ? or * to list all spells.
Flames lash Frances.
Frances is burned terribly!
Frances is lightly wounded.
Malevolent energies surge around you. Frances misses you.
Frances whispers indecipherable words.
The iron shot hits you!!
Casting: Scorch (safe; 1% risk of failure)
Confirm with . or Enter, or press ? or * to list all spells.
Flames lash Frances.
Frances is burned terribly!
Frances is moderately wounded.
Malevolent energies surge around you.
Frances hits you from afar with a +0 glaive.
Frances barely misses you.
Frances whispers indecipherable words.
Frances hits you with a +0 glaive! Frances hits you with a +0 glaive!!
* * * LOW HITPOINT WARNING * * *
Frances misses you.
You hit Frances.
Frances is moderately wounded.
Your +0 spectral quarterstaff barely misses Frances.
Frances screams a word of power!
The shard of ice hits you!! You partially resist.
You die...

#. #. #####.#
.......
....... #####
......? ##>..+
.......##(.###
......43@@##
.!.....####
.......
.^.....
#####.# #. #[
..


You could see Frances (fast, combustible), a sun demon (summoned), an orange
demon (summoned) and a friendly +0 spectral quarterstaff (summoned, wandering).

Vanquished Creatures
  A boulder beetle (D:13)
  A two-headed ogre (D:11)
  A cyclops (D:11)
  Maggie (D:9)
  A komodo dragon (D:11)
  4 trolls
  3 yaks (D:9)
  2 wraiths
  A wyvern (D:8)
  5 steam dragons
  Grum (D:11)
  Edmund (D:6)
  An acid dragon (D:10)
  2 water moccasins
  2 orc warriors (D:9)
  5 ice beasts
  3 ogres
  A black bear (D:5)
  4 centaurs
  5 wolves
  4 kobold brigands
  5 bullfrogs
  3 scorpions
  A gnoll sergeant (D:5)
  A necrophage (D:5)
  5 wights (D:8)
  8 killer bees
  2 howler monkeys
  7 electric eels
  4 orc priests
  2 jellies (D:6)
  9 hounds
  4 iguanas
  10 orc wizards
  12 gnolls
  6 adders
  A river rat (D:3)
  A shadow imp (D:5)
  4 white imps
  2 ufetubi (D:6)
  3 worms
  A dart slug (D:3)
  28 orcs
  10 ball pythons
  7 endoplasms
  2 giant cockroaches
  4 goblins
  6 hobgoblins
  15 jackals
  3 quokkas
  7 bats
  3 frilled lizards
  21 kobolds
  6 rats
  A spectral orc (D:3)
253 creatures vanquished.

Vanquished Creatures (collateral kills)
  A foxfire (D:1)
1 creature vanquished.

Vanquished Creatures (others)
  A black bear (D:6)
  372 foxfires
373 creatures vanquished.

Grand Total: 627 creatures vanquished

Notes
Turn   | Place    | Note
-------+----------+-------------------------------------------
     0 | D:1      | booth the Demonspawn Fire Elementalist began the quest for
                  | the Orb.
     0 | D:1      | Reached XP level 1. HP: 13/13 MP: 3/3
     7 | D:1      | Noticed a four-headed hydra
    12 | D:1      | Noticed an anaconda
   152 | D:1      | Gained mutation: Your touch may inflict minor irresistible
                  | damage on your foes. [demonic ancestry]
   152 | D:1      | Reached XP level 2. HP: 19/19 MP: 1/5
   213 | D:1      | Learned a level 2 spell: Scorch
   501 | D:1      | Gained mutation: You regenerate a little health from kills.
                  | [demonic ancestry]
   501 | D:1      | Reached XP level 3. HP: 24/24 MP: 4/6
   505 | D:1      | Learned a level 3 spell: Conjure Flame
   672 | D:2      | Found a sparkling altar of Nemelex Xobeh.
  1144 | D:3      | Gained mutation: Your movements are slightly less
                  | encumbered by armour. (ER -2) [demonic ancestry]
  1144 | D:3      | Reached XP level 4. HP: 26/30 MP: 1/7
  1812 | D:3      | Found a sparkling altar of Nemelex Xobeh.
  1859 | D:3      | Noticed a water moccasin
  1862 | D:3      | Killed a water moccasin
  1863 | D:3      | Reached XP level 5. HP: 34/35 MP: 4/8
  1867 | D:3      | Learned a level 3 spell: Inner Flame
  2337 | D:3      | Found a basalt altar of Yredelemnul.
  2525 | D:3      | Reached skill level 1 in Maces & Flails
  2660 | D:3      | Gained mutation: Your movements are less encumbered by
                  | armour. (ER -4) [demonic ancestry]
  2660 | D:3      | Reached XP level 6. HP: 34/41 MP: 2/10
  3157 | D:4      | Learned a level 1 spell: Magic Dart
  3726 | D:4      | Reached XP level 7. HP: 41/46 MP: 5/11
  4225 | D:4      | Found a snail-covered altar of Cheibriados.
  4527 | D:5      | Entered Level 5 of the Dungeon
  4646 | D:5      | Reached skill level 1 in Staves
  4878 | D:5      | Reached skill level 5 in Fire Magic
  5081 | D:5      | Reached XP level 8. HP: 52/52 MP: 8/13
  5486 | D:5      | Reached skill level 5 in Conjurations
  6521 | D:6      | Noticed Edmund
  6886 | D:6      | Found an iron altar of Okawaru.
  6993 | D:6      | Gained mutation: Your touch may inflict irresistible damage
                  | on your foes. [demonic ancestry]
  6993 | D:6      | Reached XP level 9. HP: 27/57 MP: 9/15
  7009 | D:6      | Learned a level 2 spell: Searing Ray
  7014 | D:6      | Learned a level 4 spell: Flame Wave
  7206 | D:6      | Found a stormy altar of Qazlal.
  7217 | D:6      | Noticed Maggie
  7697 | D:6      | Killed Edmund
  7926 | D:7      | Reached skill level 1 in Armour
  8036 | D:7      | Reached skill level 5 in Stealth
  8318 | D:7      | Found Rybric's Armour Boutique.
  8383 | D:7      | Found a shimmering blue altar of Sif Muna.
  8388 | D:7      | Became a worshipper of Sif Muna the Loreminder
  8454 | D:7      | Found a staircase to the Ecumenical Temple.
  9788 | D:7      | Found a hazy altar of Hepliaklqana.
  9788 | D:7      | Found a hide-covered altar of Uskayaw.
 10059 | D:8      | Reached skill level 1 in Hexes
 10116 | D:8      | Found Jeymosidgh's Weapon Shop.
 10354 | D:8      | Reached * piety under Sif Muna
 10359 | D:8      | Gained mutation: Spells you cast may paralyse adjacent
                  | enemies. [demonic ancestry]
 10359 | D:8      | Reached XP level 10. HP: 37/63 MP: 17/17
 10634 | D:8      | Reached skill level 5 in Spellcasting
 12076 | D:8      | Found a staircase to the Lair.
 12159 | D:8      | Learned a level 3 spell: Stone Arrow
 12565 | D:9      | Killed Maggie
 13838 | D:10     | Entered Level 10 of the Dungeon
 14160 | D:10     | Found a shadowy altar of Dithmenos.
 14914 | D:11     | Found a portal to a secret trove of treasure.
 15035 | D:11     | Noticed a two-headed ogre
 15330 | D:11     | Noticed Grum
 15350 | D:11     | Killed Grum
 15544 | D:11     | Noticed a boulder beetle
 15577 | D:11     | HP: 3/63 [boulder beetle (14)]
 15704 | D:11     | Killed a two-headed ogre
 15705 | D:11     | Reached XP level 11. HP: 57/68 MP: 13/19
 16435 | D:11     | You fall into a shaft and drop 2 floors!
 16437 | D:13     | Noticed a boulder beetle
 16474 | D:13     | Killed a boulder beetle
 16475 | D:13     | Reached skill level 5 in Staves
 16496 | D:12     | Noticed Frances
 16502 | D:12     | Noticed a sun demon
 16509 | D:12     | Killed from afar by Frances

Illustrated notes

Levels and vault maps discovered:
D:1:      sevenhm_arrival_forest_fort_small_2, layout_rooms,
          nicolae_grassy_gnolls
D:2:      minmay_evil_eye, layout_rooms, basic_altar
D:3:      layout_basic, yredelemnul_forgotten_temple_becter,
          mainiacjoe_overflow_24_doors, cheibrodos_sewer_entry_sluice,
          grunt_ministairs_13
D:4:      layout_loops_ring, mainiacjoe_overflow_alcove_1
D:5:      layout_basic, minmay_joined_circles
D:6:      layout_basic, okawaru_trees_1, grunt_qazlal_sundering,
          marbit_many_paths, grunt_ministairs_8, uniq_maggie, uniq_edmund
D:7:      layout_basic, led_sif_book, nicolae_overflow_two_pavilions,
          minmay_temple_entry_trees, serial_shops, nicolae_lakefront_shop,
          grunt_ministairs_9, nicolae_concentric_dashed_squares_wild
D:8:      layout_loops_corners, erik_lair_island, serial_shops, shop
D:9:      statuecave_lemuel, layout_loops_corners
D:10:     layout_long_grid, nicolae_overflow_crystal_walls,
          amcnicky_mini_pool_small, grunt_decor_fettered
D:11:     layout_stronghold, serial_rivers, chequers_serial_rivers_marsh,
          chequers_serial_rivers_micro_b, chequers_serial_rivers_micro_c,
          chequers_serial_rivers_large_a, chequers_serial_rivers_micro_c,
          nicolae_trove_entry_crossroad, uniq_grum
D:12:     layout_roguey, david_orc_4, portal_ice_cave_entry_imps,
          nicolae_shop_fire_sale [nicolae_sub_dead_trees], uniq_frances
D:13:     minmay_slanted_spiral_squares, layout_cave_pools, david_vaults_5,
          uniq_azrael, uniq_maurice

Skill      XL: |  1  2  3  4  5  6  7  8  9 10 11 |
---------------+----------------------------------+-----
Stealth        | 2 3 4 5 6 |  6.7
Dodging        | 2 3 4 |  4.4
Fire Magic     | 3 4 5 6 7 8 |  8.8
Conjurations   | 2 3 4 5 7 8 |  8.0
Maces & Flails | 1 |  1.6
Spellcasting   | 3 4 5 6 |  6.0
Staves         | 1 2 3 4 5 |  5.0
Armour         | 2 3 |  3.7
Hexes          | 1 3 |  3.8

Action                   |  1- 3 |  4- 6 |  7- 9 | 10-12 || total
-------------------------+-------+-------+-------+-------++-------
Melee: Unarmed           |     4 |       |       |       ||     4
       Whip              |    15 |    59 |     2 |       ||    76
       Touch             |     5 |    10 |     8 |       ||    23
       Punch             |       |     1 |     1 |       ||     2
       Dagger            |       |       |    66 |       ||    66
       Quarterstaff      |       |       |    71 |    99 ||   170
Throw: Dart              |       |       |     7 |     7 ||    14
       Throwing net      |       |       |     1 |       ||     1
 Cast: Foxfire           |    41 |    41 |    76 |    64 ||   222
       Scorch            |     5 |    36 |    75 |    62 ||   178
       Conjure Flame     |       |     1 |     4 |     3 ||     8
       Inner Flame       |       |       |     1 |     1 ||     2
       Searing Ray       |       |       |     5 |     3 ||     8
  Use: Potion            |     1 |     5 |     7 |     4 ||    17
       Scroll            |       |     4 |    10 |     4 ||    18
 Stab: Paralysed         |       |       |       |     6 ||     6
       Sleeping          |       |       |       |     1 ||     1
       Distracted        |       |       |       |     1 ||     1
Armor: Robe              |     6 |    11 |    23 |       ||    40
       Steam dragon scal |       |       |    34 |    23 ||    57
Dodge: Dodged            |    15 |    68 |   214 |    83 ||   380
